 Dungeon Crawl Stone Soup version 0.29-a0-321-gf1c400731a (webtiles) character file.

Game seed: 5108536496133983838

22 HotDog the Covered (level 2, 0/19 HPs)
             Began as a Gargoyle Fighter on Apr 5, 2022.
             Slain by a gnoll
             ... wielding a +0 club
              (6 damage)
             ... on level 2 of the Dungeon.
             The game lasted 00:00:42 (1120 turns).

HotDog the Covered (Gargoyle Fighter)               Turns: 1120, Time: 00:00:42

Health: 0/19       AC:  9    Str: 19    XL:     2   Next: 91%
Magic:  2/2        EV:  5    Int:  8    God:
Gold:   39         SH:  0    Dex:  9    Spells: 1/1 levels left

rFire   . . .      SeeInvis .   a - +0 flail
rCold   . . .      Faith    .   c - +0 buckler
rNeg    + . .      Spirit   .   b - +0 scale mail
rPois   ∞          Reflect  .   (no helmet)
rElec   +          Harm     .   (no cloak)
rCorr   .          Rampage  .   (no gloves)
Will    .....                   (no boots)
Stlth   ..........              (no amulet)
HPRegen 0.06/turn               (no ring)
MPRegen 0.08/turn               (no ring)

@: held
A: sickness immunity, AC +2, negative energy resistance 1, electricity
resistance, torment resistance 1, petrification resistance
a: no special abilities


You were on level 2 of the Dungeon.
You visited 1 branch of the dungeon, and saw 2 of its levels.

You collected 39 gold pieces.

Inventory:

Hand Weapons
 a - a +0 flail (weapon)
Armour
 b - a +0 scale mail (worn)
 c - a +0 buckler (worn)
Scrolls
 e - a scroll of fog {unknown}
 f - a scroll of brand weapon {unknown}
 g - a scroll of holy word {unknown}
Potions
 d - a potion of might


   Skills:
 * Level 3.5 Fighting
 * Level 2.2 Maces & Flails
 * Level 3.6 Armour
 * Level 0.1 Dodging
 * Level 3.6 Shields
 * Level 0.4 Invocations


You had one spell level left.
You didn't know any spells.
Your spell library was empty.

Dungeon Overview and Level Annotations

Branches:
Dungeon (1/15)

Altars:


Innate Abilities, Weirdness & Mutations

You are immune to sickness and miasma.
Your stone body is resilient. (AC +2)
You are immune to poison.
You resist negative energy. (rN+)
You are resistant to electric shocks. (rElec)
You are resistant to unholy torment.
You are immune to petrification.


Message History

The jackal barks!
You hit the gnoll.
The gnoll is moderately wounded.
The gnoll hits you but does no damage. You block the gnoll's attack.
You closely miss the gnoll.
The gnoll is moderately wounded.
The gnoll barely misses you. You block the gnoll's attack.
You hit the gnoll.
The gnoll is heavily wounded.
The gnoll hits you from afar with a +0 halberd.
* * * LOW HITPOINT WARNING * * *
The gnoll hits you but does no damage. The gnoll closely misses you. x2
You are too injured to fight recklessly!
You are too injured to fight recklessly!
You are too injured to fight recklessly!
You are too injured to fight recklessly!
You are too injured to fight recklessly!
You are too injured to fight recklessly!
You are too injured to fight recklessly!
You are too injured to fight recklessly!
You are too injured to fight recklessly!
You are too injured to fight recklessly!
You are too injured to fight recklessly!
You are too injured to fight recklessly!
You are too injured to fight recklessly!
You are too injured to fight recklessly!
You are too injured to fight recklessly!
You are too injured to fight recklessly!
You are too injured to fight recklessly!
Unknown command.
The gnoll throws a throwing net.
The throwing net closely misses you.
The gnoll throws a throwing net.
The throwing net hits you.
You become entangled in the net!
You see here a throwing net.
You tear a large gash into the net.
You struggle against the net.
You struggle against the net.
The jackal bites you but does no damage.
The gnoll hits you with a +0 club.
You die...

#.
#.##.###########h#
....(..@ggg.ghh.h.
###....#h#######.#
#....#.# #...##.#
..#.....#.# #.
#.......# #
#..###### #.. ...


You could see 4 gnolls and 3 jackals.

Vanquished Creatures
  An endoplasm (D:1)
  A giant cockroach (D:1)
  4 goblins (D:1)
  3 jackals (D:1)
  A quokka (D:1)
  A ball python (D:1)
  3 bats (D:1)
  4 kobolds (D:1)
  A rat (D:1)
19 creatures vanquished.

Notes
Turn   | Place    | Note
-------+----------+-------------------------------------------
     0 | D:1      | HotDog the Gargoyle Fighter began the quest for the Orb.
     0 | D:1      | Reached XP level 1. HP: 14/14 MP: 1/1
   325 | D:1      | Reached XP level 2. HP: 11/19 MP: 2/2
   811 | D:1      | Found a faded altar of an unknown god.
  1102 | D:1      | You fall into a shaft and drop 1 floor!
  1120 | D:2      | Slain by a gnoll

Illustrated notes

Levels and vault maps discovered:
D:1:      mrwooster_arrival_statue_2, layout_basic,
          shapermc_ecumenical_altar_mp_vishouse, st_stairs_11
D:2:      cheibrodos_pilgrimage, layout_loops_ring, basic_altar,
          dk_noncrumbling_4, uniq_terence

Action                   || total
-------------------------++-------
Melee: Flail             ||    83
Armor: Scale mail        ||    59
Dodge: Dodged            ||    60
Block: Buckler           ||    16

Table legend: (Time is in decaauts)
 A = Elapsed time spent in this place.
 B = Non-inter-level travel time spent in this place.
 C = Inter-level travel time spent in this place.
 D = Time resting spent in this place.
 E = Time spent auto-exploring this place.
 F = Levels seen in this place.
 G = Mean time per level.
                   A        B        C        D        E       F      G
               +--------+--------+--------+--------+--------+-----+--------+
         Total |   1149 |   1149 |      0 |    446 |    527 |   2 |  574.5 |
       Dungeon |   1149 |   1149 |      0 |    446 |    527 |   2 |  574.5 |
               +--------+--------+--------+--------+--------+-----+--------+

Top non-repeatable levels by time:
     D:1: 1129 daAuts
     D:2: 19 daAuts
